[ AOE2 MATCH · #505803410 ]
UnrankedTupi vs Burgundians
Player's team · LOSS
[ REPLAY ANALYSIS · EXTRACTED FROM THE RECORDED GAME ]
Feudal
10:11
Castle
15:48
Imperial
—
| APM avg | 65.0 |
| APM peak | 98 |
| eAPM avg | 26.6 |
| Villagers / military | 37 / 2 |
Focus
⚔️ 58.6% · 🌾 41.4%
Unknown (2579) ×24 · Mangonel ×1 · Battering Ram ×1
Feudal
9:16
Castle
23:45
Imperial
—
| APM avg | 69.8 |
| APM peak | 104 |
| eAPM avg | 24.4 |
| Villagers / military | 48 / 16 |
Focus
⚔️ 34.7% · 🌾 65.3%
Archer ×9 · Mangonel ×4 · Militia ×3
Match map
Initial resources + every placement click. Lines = walls · curves = elevation contours. ◆ gold · ⬟ stone · ● berries · ✦ relic · ◌ wall gap
Your base· Open — unwalled flank
UL_King_Kerotaros's base· Open — unwalled flank
Smoothed initial terrain · ◌ = detected wall gap · hover for details
Inputs per minute
— 冥想控 - - UL_King_Kerotaros
Build order — 冥想控
108 actions detected in the replay
| 0:03 | Create | Villager (Male) ×4 |
| 0:03 | Create | Villager (Male) ×4 |
| 0:05 | Build | House |
| 0:07 | Build | House |
| 1:04 | Create | Villager (Male) |
| 1:39 | Create | Villager (Male) |
| 2:30 | Create | Villager (Male) |
| 2:31 | Create | Villager (Male) |
| 2:51 | Create | Villager (Male) |
| 2:52 | Build | Settlement |
| 2:57 | Create | Villager (Male) |
| 3:04 | Research | Loom |
| 3:48 | Create | Villager (Male) |
| 3:52 | Create | Villager (Male) |
| 4:11 | Create | Villager (Male) |
| 4:26 | Create | Villager (Male) |
| 5:03 | Build | Farm |
| 5:16 | Create | Villager (Male) |
| 5:33 | Create | Villager (Male) |
| 5:56 | Build | Settlement |
| 5:58 | Create | Villager (Male) |
| 6:39 | Create | Villager (Male) |
| 6:58 | Create | Villager (Male) |
| 7:12 | Research | Loom |
| 7:49 | Build | Palisade Wall |
| 7:52 | Build | Palisade Wall |
| 7:57 | Build | Palisade Wall |
| 8:01 | Research | Feudal Age |
| 8:54 | Build | Palisade Wall |
| 8:58 | Build | Palisade Wall |
| 9:07 | Build | Palisade Wall |
| 10:11 | Age | Feudal Age |
| 10:12 | Build | Market |
| 10:15 | Build | Blacksmith |
| 10:16 | Research | Wheelbarrow |
| 10:16 | Research | Town Watch |
| 10:28 | Build | Watch Tower |
| 11:17 | Build | Palisade Gate |
| 12:06 | Create | Villager (Male) |
| 12:51 | Build | Palisade Wall |
| 13:08 | Research | Castle Age |
| 13:24 | Build | Palisade Gate |
| 14:22 | Build | Palisade Gate |
| 14:38 | Build | House |
| 14:42 | Build | Palisade Wall |
| 15:08 | Build | Outpost |
| 15:48 | Age | Castle Age |
| 15:50 | Build | Castle |
| 15:55 | Create | Villager (Male) |
| 16:11 | Build | House |
| 16:12 | Build | House |
| 16:16 | Build | House |
| 16:18 | Build | House |
| 16:21 | Build | Palisade Gate |
| 16:43 | Create | Unit 2579 |
| 16:45 | Create | Villager (Male) |
| 16:53 | Build | Settlement |
| 16:56 | Create | Unit 2579 |
| 17:44 | Build | Farm |
| 17:45 | Build | Farm |
| 17:46 | Build | Farm |
| 17:48 | Create | Unit 2579 |
| 18:04 | Create | Unit 2579 |
| 18:04 | Create | Unit 2579 |
| 18:24 | Create | Unit 2579 |
| 18:34 | Research | Fletching |
| 18:41 | Create | Villager (Male) |
| 19:11 | Create | Villager (Male) |
| 19:35 | Create | Villager (Male) |
| 19:42 | Create | Unit 2579 |
| 19:42 | Create | Unit 2579 |
| 19:47 | Research | Bodkin Arrow |
| 20:05 | Create | Unit 2579 |
| 20:19 | Build | Gate |
| 20:30 | Create | Unit 2579 |
| 20:32 | Create | Villager (Male) |
| 20:42 | Create | Unit 2579 |
| 20:59 | Create | Villager (Male) |
| 21:06 | Create | Unit 2579 |
| 21:21 | Create | Villager (Male) |
| 21:38 | Create | Villager (Male) |
| 21:55 | Create | Villager (Male) |
| 22:12 | Create | Unit 2579 |
| 22:15 | Create | Villager (Male) |
| 22:24 | Build | Farm |
| 22:54 | Create | Unit 2579 |
| 22:58 | Build | Siege Workshop |
| 22:59 | Build | Palisade Wall |
| 23:00 | Build | Palisade Wall |
| 23:02 | Build | Palisade Wall |
| 23:08 | Create | Unit 2579 |
| 23:17 | Research | Padded Archer Armor |
| 23:19 | Create | Unit 2579 |
| 23:30 | Create | Unit 2579 |
| 23:43 | Create | Unit 2579 |
| 23:48 | Create | Battering Ram |
| 23:51 | Build | House |
| 24:00 | Create | Unit 2579 |
| 24:21 | Create | Unit 2579 |
| 24:31 | Build | House |
| 24:35 | Create | Unit 2579 |
| 24:40 | Create | Unit 2579 |
| 24:44 | Build | Farm |
| 25:01 | Create | Villager (Male) |
| 25:14 | Create | Unit 2579 |
| 25:56 | Create | Unit 2579 |
| 25:58 | Create | Villager (Male) |
| 26:03 | Create | Mangonel |
Build order — UL_King_Kerotaros
First 150 of 155 actions detected
| 0:01 | Create | Villager (Male) |
| 0:02 | Build | House |
| 0:04 | Build | House |
| 0:13 | Create | Villager (Male) |
| 0:26 | Create | Villager (Male) |
| 0:27 | Create | Villager (Male) |
| 1:26 | Create | Villager (Male) |
| 1:26 | Create | Villager (Male) |
| 1:57 | Create | Villager (Male) |
| 2:30 | Create | Villager (Male) |
| 2:31 | Create | Villager (Male) |
| 2:31 | Create | Villager (Male) |
| 2:33 | Build | Lumber Camp |
| 2:48 | Create | Villager (Male) |
| 2:48 | Create | Villager (Male) |
| 3:20 | Create | Villager (Male) |
| 3:20 | Create | Villager (Male) |
| 3:26 | Build | House |
| 4:05 | Create | Villager (Male) |
| 4:19 | Create | Villager (Male) |
| 4:33 | Build | Mill |
| 4:38 | Create | Villager (Male) |
| 4:55 | Create | Villager (Male) |
| 4:55 | Create | Villager (Male) |
| 5:35 | Create | Villager (Male) |
| 6:14 | Create | Villager (Male) |
| 6:31 | Research | Loom |
| 6:31 | Research | Loom |
| 7:02 | Research | Feudal Age |
| 7:02 | Research | Feudal Age |
| 7:25 | Build | House |
| 7:51 | Research | Double-Bit Axe |
| 7:58 | Build | Barracks |
| 9:07 | Create | Militia |
| 9:07 | Create | Militia |
| 9:16 | Age | Feudal Age |
| 9:20 | Research | Bow Saw |
| 9:38 | Build | Mining Camp |
| 9:45 | Build | Mining Camp |
| 9:47 | Create | Villager (Male) |
| 9:53 | Build | House |
| 9:54 | Build | House |
| 9:59 | Create | Villager (Male) |
| 10:20 | Build | Watch Tower |
| 10:25 | Create | Villager (Male) |
| 10:35 | Build | Palisade Wall |
| 10:43 | Research | Man-at-Arms (upgrade) |
| 10:55 | Create | Villager (Male) |
| 11:14 | Build | Blacksmith |
| 11:16 | Build | House |
| 11:21 | Create | Villager (Male) |
| 11:39 | Create | Villager (Male) |
| 11:45 | Build | Archery Range |
| 12:09 | Build | Watch Tower |
| 12:14 | Create | Villager (Male) |
| 12:35 | Research | Fletching |
| 12:35 | Research | Fletching |
| 12:35 | Research | Fletching |
| 12:37 | Create | Archer |
| 12:42 | Create | Archer |
| 12:47 | Build | Farm |
| 12:50 | Build | Farm |
| 12:56 | Create | Villager (Male) |
| 13:44 | Build | Palisade Wall |
| 13:45 | Build | Palisade Wall |
| 13:45 | Build | Palisade Wall |
| 13:46 | Build | Palisade Wall |
| 13:46 | Build | Palisade Wall |
| 13:48 | Build | Palisade Wall |
| 13:50 | Create | Villager (Male) |
| 13:57 | Build | House |
| 14:01 | Create | Archer |
| 14:24 | Create | Archer |
| 14:37 | Create | Villager (Male) |
| 14:58 | Build | House |
| 15:24 | Create | Villager (Male) |
| 15:28 | Build | Farm |
| 15:29 | Build | Farm |
| 15:32 | Build | Farm |
| 15:33 | Build | Farm |
| 15:34 | Build | Farm |
| 15:35 | Build | Farm |
| 15:42 | Create | Militia |
| 15:51 | Build | Outpost |
| 15:57 | Create | Villager (Male) |
| 16:07 | Build | Watch Tower |
| 16:14 | Create | Villager (Male) |
| 16:16 | Create | Archer |
| 16:30 | Create | Villager (Male) |
| 16:32 | Build | Farm |
| 16:53 | Create | Villager (Male) |
| 16:57 | Build | Farm |
| 17:00 | Build | House |
| 17:00 | Build | House |
| 17:06 | Create | Archer |
| 17:11 | Build | Stone Wall |
| 17:12 | Build | Stone Wall |
| 17:12 | Build | Stone Wall |
| 17:16 | Build | Stone Wall |
| 17:30 | Build | House |
| 17:32 | Create | Villager (Male) |
| 17:55 | Build | Watch Tower |
| 17:58 | Create | Villager (Male) |
| 18:02 | Build | Farm |
| 18:03 | Build | Farm |
| 18:17 | Build | House |
| 18:22 | Create | Villager (Male) |
| 18:24 | Build | House |
| 18:33 | Create | Archer |
| 18:33 | Create | Archer |
| 18:49 | Build | Watch Tower |
| 19:12 | Create | Villager (Male) |
| 19:14 | Build | Watch Tower |
| 19:30 | Create | Villager (Male) |
| 19:34 | Build | Watch Tower |
| 19:51 | Build | Market |
| 20:00 | Create | Villager (Male) |
| 20:29 | Build | Mining Camp |
| 20:43 | Build | Watch Tower |
| 20:56 | Create | Archer |
| 21:05 | Research | Castle Age |
| 21:05 | Research | Castle Age |
| 21:19 | Build | Watch Tower |
| 21:45 | Build | House |
| 22:02 | Build | Farm |
| 22:08 | Build | Watch Tower |
| 22:13 | Build | Farm |
| 22:23 | Research | Horse Collar |
| 22:23 | Research | Horse Collar |
| 22:49 | Build | House |
| 22:54 | Build | Palisade Wall |
| 23:05 | Build | Farm |
| 23:45 | Age | Castle Age |
| 23:48 | Research | Bodkin Arrow |
| 23:49 | Create | Villager (Male) |
| 23:51 | Build | Siege Workshop |
| 24:14 | Create | Villager (Male) |
| 24:27 | Build | Town Center |
| 24:36 | Research | Town Watch |
| 24:40 | Create | Mangonel |
| 24:40 | Create | Mangonel |
| 25:01 | Create | Mangonel |
| 25:01 | Create | Mangonel |
| 25:05 | Build | Stone Wall |
| 25:06 | Build | Stone Wall |
| 25:08 | Build | Stone Wall |
| 25:10 | Build | House |
| 25:14 | Build | Palisade Wall |
| 25:19 | Build | Palisade Wall |
| 25:31 | Create | Villager (Male) |
Match timeline
| 7:49 | 冥想控 · wall_segment Palisade Wall x1 |
| 7:52 | 冥想控 · wall_segment Palisade Wall x1 |
| 7:57 | 冥想控 · wall_segment Palisade Wall x1 |
| 7:58 | UL_King_Kerotaros · first_building Barracks |
| 8:54 | 冥想控 · wall_segment Palisade Wall x1 |
| 8:58 | 冥想控 · wall_segment Palisade Wall x1 |
| 9:07 | 冥想控 · wall_segment Palisade Wall x1 |
| 9:16 | UL_King_Kerotaros · age_up feudal |
| 10:11 | 冥想控 · age_up feudal |
| 10:35 | UL_King_Kerotaros · wall_segment Palisade Wall x1 |
| 11:45 | UL_King_Kerotaros · first_building Archery Range |
| 12:51 | 冥想控 · wall_segment Palisade Wall x1 |
| 13:05 | 冥想控 · first_market_sell 100 wood |
| 13:44 | UL_King_Kerotaros · wall_segment Palisade Wall x1 |
| 13:45 | UL_King_Kerotaros · wall_segment Palisade Wall x1 |
| 13:45 | UL_King_Kerotaros · wall_segment Palisade Wall x1 |
| 13:46 | UL_King_Kerotaros · wall_segment Palisade Wall x1 |
| 13:46 | UL_King_Kerotaros · wall_segment Palisade Wall x1 |
| 13:48 | UL_King_Kerotaros · wall_segment Palisade Wall x1 |
| 14:42 | 冥想控 · wall_segment Palisade Wall x1 |
| 15:32 | 冥想控 · first_market_buy 100 stone |
| 15:48 | 冥想控 · age_up castle |
| 15:50 | 冥想控 · first_building Castle |
| 17:11 | UL_King_Kerotaros · wall_segment Stone Wall x1 |
| 17:12 | UL_King_Kerotaros · wall_segment Stone Wall x1 |
| 17:12 | UL_King_Kerotaros · wall_segment Stone Wall x1 |
| 17:16 | UL_King_Kerotaros · wall_segment Stone Wall x1 |
| 20:36 | UL_King_Kerotaros · first_market_sell 100 wood |
| 20:37 | UL_King_Kerotaros · first_market_buy 100 food |
| 22:54 | UL_King_Kerotaros · wall_segment Palisade Wall x1 |
| 22:58 | 冥想控 · first_building Siege Workshop |
| 22:59 | 冥想控 · wall_segment Palisade Wall x1 |
| 23:00 | 冥想控 · wall_segment Palisade Wall x1 |
| 23:02 | 冥想控 · wall_segment Palisade Wall x1 |
| 23:45 | UL_King_Kerotaros · age_up castle |
| 23:51 | UL_King_Kerotaros · first_building Siege Workshop |
| 25:05 | UL_King_Kerotaros · wall_segment Stone Wall x1 |
| 25:06 | UL_King_Kerotaros · wall_segment Stone Wall x1 |
| 25:08 | UL_King_Kerotaros · wall_segment Stone Wall x2 |
| 25:14 | UL_King_Kerotaros · wall_segment Palisade Wall x1 |
| 25:19 | UL_King_Kerotaros · wall_segment Palisade Wall x1 |
| 26:15 | 冥想控 · resign |
[ AI ANALYSIS · 1 CREDIT ]
What really happened in this match?
Wolo.gg analyzes every decision: build order, eco, micro, common mistakes by bracket. Personalized analysis on WhatsApp or Discord in 30 seconds.
Civ guide
Tupi
Perfil
Jugador #280902